 Dungeon Crawl Stone Soup version 0.26-a0-542-gbaa144ba5c (webtiles) character file.

Game seed: 11854784716040103765

10673 Aksej the Cleaver (level 11, 0/81 HPs)
             Began as a Demonspawn Gladiator on Aug 17, 2020.
             Was a Priest of Wu Jian.
             Slain by an eight-headed hydra (1 damage)
             ... on level 10 of the Dungeon.
             The game lasted 00:31:47 (10629 turns).

Aksej the Cleaver (Demonspawn Gladiator)           Turns: 10629, Time: 00:31:48

Health: 0/81       AC: 19    Str: 14    XL:     11   Next: 39%
Magic:  0/20       EV: 11    Int: 10    God:    Wu Jian [***...]
Gold:   320        SH: 15    Dex: 18    Spells: 21/22 levels left

rFire    + . .     SeeInvis .   a - +1 war axe
rCold    . . .     Faith    .   v - +2 buckler
rNeg     + . .     Spirit   +   q - +3 scale mail {rF+}
rPois    .         Reflect  .   c - +1 hat
rElec    .         Harm     .   k - +0 cloak
rCorr    .         Rnd*Rage +   j - +1 pair of gloves
MR       .....                  b - +0 pair of boots (curse)
Stlth    ..........             (no amulet)
HPRegen  0.23/turn              m - ring of positive energy
MPRegen  0.34/turn              y - +4 ring of protection

@: very slow
A: antennae 1, talons 1, large bone plates 3, berserk 1, spiny 1, magic shield,
magic regeneration
a: Wall Jump, Serpent's Lash, Renounce Religion


You were on level 10 of the Dungeon.
You worshipped Wu Jian.
Wu Jian was most pleased with you.
You visited 2 branches of the dungeon, and saw 12 of its levels.

You collected 722 gold pieces.
You spent 402 gold pieces at shops.

Inventory:

Hand Weapons
 a - a +1 war axe (weapon)
Missiles
 o - 19 boomerangs (quivered)
 s - 4 silver boomerangs
 t - 6 boomerangs of dispersal
Armour
 b - a cursed +0 pair of boots (worn)
 c - a +1 hat (worn)
 j - a +1 pair of gloves (worn)
 k - a +0 cloak (worn)
 q - a +3 scale mail of fire resistance (worn)
 v - a +2 buckler (worn)
Jewellery
 m - a ring of positive energy (left hand)
 y - a +4 ring of protection (right hand)
Wands
 e - a wand of polymorph (9)
 i - a wand of acid (16)
 p - a wand of enslavement (7)
 B - a wand of paralysis (6)
Scrolls
 f - 7 scrolls of blinking
 g - a scroll of fog
 n - a scroll of fear
 u - 3 scrolls of teleportation
 w - 5 scrolls of identify
 A - a scroll of summoning
 C - a scroll of enchant weapon
 D - 3 scrolls of remove curse
 E - a scroll of magic mapping
Potions
 d - 3 potions of brilliance
 h - 7 potions of curing
 l - a potion of might
 x - 3 potions of invisibility
 z - 2 potions of stabbing


   Skills:
 + Level 5.7 Fighting
 * Level 11.9 Axes
 + Level 5.3 Throwing
 + Level 3.6 Armour
 + Level 4.4 Dodging
 + Level 3.4 Shields
 * Level 6.1 Spellcasting
 + Level 2.9 Necromancy


You had 21 spell levels left.
You knew the following spells:

 Your Spells              Type           Power        Failure   Level
a - Animate Skeleton      Necr           #.....       26%         1

Your spell library contained the following spells:

 Spells                   Type           Power        Failure   Level
 Apportation              Tloc           #.....       65%         1
 Corona                   Hex            #......      65%         1
 Summon Small Mammal      Summ           #...         65%         1
 Lesser Beckoning         Tloc           #.........   95%         3
 Tukima's Dance           Hex            #.......     95%         3
 Alistair's Intoxication  Tmut/Pois      #........    100%        5
 Invisibility             Hex            #.......     100%        6


Dungeon Overview and Level Annotations

Branches:
Dungeon (11/15)            Temple (1/1) D:6            Lair (0/6) D:10
    Orc: D:9-12

Altars:
Ashenzari
Cheibriados
Dithmenos
Elyvilon
Fedhas
Gozag
Hepliaklqana
Kikubaaqudgha
Makhleb
Nemelex Xobeh
Okawaru
Qazlal
Ru
Sif Muna
Trog
Uskayaw
Vehumet
Wu Jian
Xom
Yredelemnul
Zin
The Shining One
Beogh

Shops:
D:7 ?


Innate Abilities, Weirdness & Mutations

You have sharp toenails.
You are completely covered in large bone plates. (SH +8)
You are partially covered in sharp spines.
When hurt, damage is shared between your health and your magic reserves.
You regenerate magic rapidly.
You have a pair of small antennae on your head.
You tend to lose your temper in combat.


Message History

The eight-headed hydra bites you but does no damage.
The eight-headed hydra closely misses you.
You block the eight-headed hydra's attack. x2
The eight-headed hydra bites you.
* * * LOW HITPOINT WARNING * * *
The eight-headed hydra closely misses you.
The eight-headed hydra bites you but does no damage. x2
The eight-headed hydra is struck by your spines.
The eight-headed hydra bites you.
* * * LOW HITPOINT WARNING * * *
The eight-headed hydra bites you.
* * * LOW HITPOINT WARNING * * *
The eight-headed hydra bites you but does no damage. x2
You block the eight-headed hydra's attack.
The eight-headed hydra bites you!
* * * LOW HITPOINT WARNING * * *
The eight-headed hydra bites you.
* * * LOW HITPOINT WARNING * * *
The eight-headed hydra bites you.
You die...

.#.......##
#........#
.........#
#....)...#
.).......#
#........#
#.##.#####
#........# #....#
##........# #.####
##≈≈≈≈≈≈#### #.#
##≈≈≈≈≈≈≈# #.#
#≈≈≈≈≈≈≈≈# #.#
#≈≈≈≈≈≈@≈# #.#
#####≈≈≈≈≈D≈#######
#.#
#......≈≈≈........#
#.#
#......≈≈≈........#
#.#
#......#≈≈........#
#.#
##########........#
#.# #......).# #.#
######........# ..#
#..........>###


You could see an eight-headed hydra.

Vanquished Creatures
  Gastronok (D:8)
  Erolcha (D:9)
  3 death yaks (D:10)
  Pikel (D:4)
  A centaur skeleton (D:9)
  A troll (D:9)
  A hippogriff (D:9)
  2 humans (D:9)
  3 yaks (D:9)
  A porcupine (D:10)
  2 orc warriors
  4 phantoms
  2 ice beasts
  3 ogres
  An eye of draining (D:10)
  4 centaurs
  A lemure (D:4)
  3 big kobolds
  4 bullfrogs
  3 scorpions
  16 killer bees
  A wight (D:7)
  5 electric eels (D:10)
  A howler monkey (D:4)
  6 hounds
  A jelly (D:7)
  A bullfrog zombie (D:6)
  Crazy Yiuf (D:6)
  2 centaur zombies
  A quasit (D:8)
  5 orc priests
  9 orc wizards
  A bullfrog skeleton (D:4)
  Jessica (D:2)
  A gnoll shaman (D:4)
  4 iguanas
  2 hell rats (D:10)
  10 worker ants
  A hound skeleton (D:4)
  A hound zombie (D:8)
  2 worker ant zombies
  12 gnolls
  13 adders
  A howler monkey skeleton (D:10)
  A white imp (D:7)
  3 ufetubi
  2 oozes
  2 adder zombies
  2 adder skeletons
  2 worms (D:2)
  A dart slug (D:1)
  6 leopard geckos
  45 orcs
  8 bats
  5 giant cockroaches
  5 goblins
  2 hobgoblins
  13 jackals
  21 kobolds
  6 quokkas
  3 frilled lizards
  A leopard gecko skeleton (D:8)
  3 leopard gecko zombies
  2 quokka skeletons
  10 rats
  A plant (D:6)
284 creatures vanquished.

Notes
Turn   | Place    | Note
-------+----------+-------------------------------------------
     0 | D:1      | Aksej the Demonspawn Gladiator began the quest for the Orb.
     0 | D:1      | Reached XP level 1. HP: 16/16 MP: 1/1
   111 | D:1      | Reached skill level 3 in Axes
   246 | D:1      | Gained mutation: You are partially covered in large bone
                  | plates. (SH +4) [demonic ancestry]
   246 | D:1      | Reached XP level 2. HP: 22/22 MP: 2/2
   558 | D:1      | Gained mutation: You are mostly covered in large bone
                  | plates. (SH +6) [demonic ancestry]
   558 | D:1      | Reached XP level 3. HP: 21/27 MP: 3/3
  1288 | D:2      | Noticed Jessica
  1293 | D:2      | Killed Jessica
  1293 | D:2      | Reached skill level 4 in Axes
  1381 | D:2      | Gained mutation: When hurt, damage is shared between your
                  | health and your magic reserves. [demonic ancestry]
  1381 | D:2      | Reached XP level 4. HP: 33/33 MP: 4/4
  1558 | D:2      | Reached skill level 1 in Armour
  1740 | D:2      | Gained mutation: You regenerate magic rapidly. [demonic
                  | ancestry]
  1740 | D:2      | Reached XP level 5. HP: 33/39 MP: 4/6
  2317 | D:3      | Reached skill level 1 in Spellcasting
  2718 | D:3      | Reached skill level 5 in Axes
  2873 | D:3      | Reached XP level 6. HP: 34/46 MP: 5/8
  3384 | D:4      | Found a shimmering altar of Xom.
  3426 | D:4      | Reached skill level 6 in Axes
  3426 | D:4      | Gained mutation: You are partially covered in sharp spines.
                  | [demonic ancestry]
  3426 | D:4      | Reached XP level 7. HP: 51/51 MP: 9/9
  3611 | D:4      | Noticed Pikel
  3626 | D:4      | Killed Pikel
  3626 | D:4      | Reached skill level 7 in Axes
  3626 | D:4      | Gained mutation: You are completely covered in large bone
                  | plates. (SH +8) [demonic ancestry]
  3626 | D:4      | Reached XP level 8. HP: 42/58 MP: 8/11
  4086 | D:5      | Entered Level 5 of the Dungeon
  4894 | D:6      | Reached skill level 8 in Axes
  4930 | D:6      | Found a blossoming altar of Fedhas.
  4969 | D:6      | Found a staircase to the Ecumenical Temple.
  4979 | Temple   | Entered the Ecumenical Temple
  5073 | Temple   | Became a worshipper of the Wu Jian Council
  5343 | D:6      | Gained mutation: Your muscles are strong. (Str +2) [potion
                  | of mutation]
  5343 | D:6      | Gained mutation: You have sharp toenails. [potion of
                  | mutation]
  5353 | D:6      | Found a runed translucent door.
  5354 | D:6      | Noticed Crazy Yiuf
  5360 | D:6      | Paralysed by Crazy Yiuf for 3 turns
  5368 | D:6      | Killed Crazy Yiuf
  5534 | D:6      | Found a glowing golden altar of the Shining One.
  5897 | D:7      | Reached XP level 9. HP: 65/65 MP: 14/14
  5993 | D:7      | Reached * piety under Wu Jian
  6057 | D:7      | Reached skill level 1 in Shields
  6137 | D:7      | Found a radiant altar of Vehumet.
  6147 | D:7      | Found a stormy altar of Qazlal.
  6160 | D:7      | Found a sacrificial altar of Ru.
  6371 | D:7      | Found Saczu's Magic Scroll Shop.
  6431 | D:7      | Bought a scroll of blinking for 90 gold pieces
  6431 | D:7      | Bought a scroll of identify for 24 gold pieces
  6431 | D:7      | Bought a scroll of summoning for 114 gold pieces
  6431 | D:7      | Bought a scroll of identify for 24 gold pieces
  6431 | D:7      | Bought a scroll of identify for 24 gold pieces
  6431 | D:7      | Bought a scroll of teleportation for 36 gold pieces
  6431 | D:7      | Bought a scroll of blinking for 90 gold pieces
  6434 | D:7      | Found a sacrificial altar of Ru.
  6584 | D:8      | Reached skill level 9 in Axes
  6596 | D:8      | Learned a level 1 spell: Animate Skeleton
  6599 | D:8      | Noticed Gastronok
  6621 | D:8      | Killed Gastronok
  6621 | D:8      | Reached XP level 10. HP: 10/73 MP: 3/17
  6961 | D:8      | Reached skill level 10 in Axes
  7152 | D:8      | Lost mutation: You have sharp toenails. [potion of
                  | mutation]
  7152 | D:8      | Lost mutation: Your muscles are strong. (Str +2) [potion of
                  | mutation]
  7152 | D:8      | Gained mutation: You tend to lose your temper in combat.
                  | [potion of mutation]
  7152 | D:8      | Gained mutation: You have a pair of small antennae on your
                  | head. [potion of mutation]
  7792 | D:9      | Reached skill level 5 in Spellcasting
  7813 | D:9      | Reached ** piety under Wu Jian
  7984 | D:9      | Found a bloodstained altar of Trog.
  8002 | D:9      | Noticed Erolcha
  8016 | D:9      | Reached skill level 5 in Fighting
  8016 | D:9      | Reached skill level 5 in Throwing
  8024 | D:9      | Killed Erolcha
  8024 | D:9      | Reached skill level 11 in Axes
  8490 | D:9      | Found an iron altar of Okawaru.
  8656 | D:10     | Entered Level 10 of the Dungeon
  8697 | D:10     | Noticed a death yak
  8699 | D:10     | Noticed a death yak
  8701 | D:10     | Noticed a death yak
  9204 | D:10     | Found a roughly hewn altar of Beogh.
  9281 | D:10     | Found a staircase to the Lair.
  9341 | D:10     | Found a stormy altar of Qazlal.
  9355 | D:10     | Gained mutation: You have sharp toenails. [demonic
                  | ancestry]
  9355 | D:10     | Reached XP level 11. HP: 65/80 MP: 16/19
  9461 | D:10     | Reached *** piety under Wu Jian
  9847 | D:10     | Killed a death yak
  9862 | D:10     | Killed a death yak
  9878 | D:10     | Killed a death yak
 10498 | D:10     | Got a steaming ring mail
 10499 | D:10     | Identified the cursed +1 ring mail of Fowibb {Harm +Blink}
                  | (You found it on level 10 of the Dungeon)
 10571 | D:11     | Noticed a five-headed hydra
 10599 | D:11     | HP: 4/81 [eight-headed hydra (2)]
 10629 | D:10     | HP: 3/81 [eight-headed hydra (3)]
 10629 | D:10     | HP: 1/81 [eight-headed hydra (2)]
 10629 | D:10     | Slain by an eight-headed hydra

Illustrated notes

Levels and vault maps discovered:
D:1:      kilobyte_arrival_exit_the_forest, layout_loops_ring
D:2:      minmay_general_purpose_star, layout_basic, serial_rivers,
          chequers_serial_rivers_micro_e, chequers_serial_rivers_room_b,
          chequers_serial_rivers_marsh, chequers_serial_rivers_marsh,
          chequers_serial_rivers_micro_a, chequers_serial_rivers_micro_e,
          uniq_jessica
D:3:      layout_rooms
D:4:      layout_cave_pools, xom_teletrap_fun, uniq_pikel
D:5:      layout_basic
D:6:      layout_rooms, nicolae_tso_swordbearing_angel,
          minmay_temple_entry_large_hall, kennysheep_nondescript,
          fedhas_altar_1, uniq_crazy_yiuf_cottage
D:7:      kennysheep_six_static_rooms, layout_loops_ring,
          minmay_overflow_temple_star_quad, serial_shops, shop, basic_altar
D:8:      layout_loops_corners, uniq_gastronok
D:9:      layout_rooms, lemuel_crystal_altar, okawaru_humans, uniq_erolcha
D:10:     layout_basic, dpeg_lair_monsters, special_room [special_room_orc],
          grunt_qazlal_clouds
D:11:     layout_loops_ring
Temple:   compressed_dpeg_circular_temple

Skill      XL: |  1  2  3  4  5  6  7  8  9 10 11 |
---------------+----------------------------------+-----
Axes           | 3 4 5 6 7 8 9 11 | 11.9
Armour         | 1 2 3 |  3.6
Dodging        | 3 4 |  4.4
Spellcasting   | 1 2 3 4 5 6 |  6.1
Throwing       | 2 4 5 |  5.3
Fighting       | 3 4 5 |  5.7
Shields        | 2 3 |  3.4
Necromancy     | 2 |  2.9

Action                   |  1- 3 |  4- 6 |  7- 9 | 10-12 || total
-------------------------+-------+-------+-------+-------++-------
Melee: War axe           |    97 |   178 |   225 |   382 ||   882
Throw: Throwing net      |     4 |     3 |     3 |       ||    10
       Boomerang         |       |    32 |   132 |    49 ||   213
Invok: Lunge             |       |       |    13 |    23 ||    36
       Whirlwind         |       |       |     1 |    30 ||    31
  Use: Scroll            |     7 |     5 |     7 |     5 ||    24
       Potion            |     1 |     1 |     4 |     5 ||    11
 Stab: Sleeping          |     1 |       |       |       ||     1
Armor: Leather armour    |    40 |    39 |       |       ||    79
       Scale mail        |       |    16 |    79 |   105 ||   200
Dodge: Dodged            |    73 |   108 |    63 |   114 ||   358
Block: Other             |    20 |    65 |    34 |       ||   119
       Buckler           |       |       |    86 |   253 ||   339

Table legend: (Time is in decaauts)
 A = Elapsed time spent in this place.
 B = Non-inter-level travel time spent in this place.
 C = Inter-level travel time spent in this place.
 D = Time resting spent in this place.
 E = Time spent auto-exploring this place.
 F = Levels seen in this place.
 G = Mean time per level.
                   A        B        C        D        E       F      G
               +--------+--------+--------+--------+--------+-----+--------+
         Total |  10828 |  10540 |    288 |    706 |   7841 |  12 |  902.3 |
       Dungeon |  10722 |  10444 |    278 |    706 |   7772 |  11 |  974.7 |
        Temple |    105 |     95 |     10 |      0 |     69 |   1 |  105.0 |
               +--------+--------+--------+--------+--------+-----+--------+

Top non-repeatable levels by time:
    D:10: 1655 daAuts
     D:8: 1265 daAuts
     D:1: 1250 daAuts
     D:9: 1196 daAuts
     D:2: 1112 daAuts
     D:4: 1052 daAuts
     D:7: 891 daAuts
     D:5: 811 daAuts
     D:3: 780 daAuts
     D:6: 662 daAuts
  Temple: 105 daAuts
    D:11: 43 daAuts
